Kradschützen Motorcycle Team
Selects Armored Support Battlegroup
Construct Light Support Kompanie
Selects Superior Fire Drills
Kradschützen Motorcycle Team
Panzerjäger Mechanized Group
Construct Mechanized Kompanie
Marder III Tank Destroyer
Selects Flammpanzer III Medium Tank
Flammpanzer III Medium Tank
Marder III Tank Destroyer
Flammpanzer III Medium Tank
Selects Stuka Anti-tank Loiter
Marder III Tank Destroyer
Marder III Tank Destroyer
Flammpanzer III Medium Tank
Flammpanzer III Medium Tank
Flammpanzer III Medium Tank
Selects Battlefield Salvage
Flammpanzer III Medium Tank